 Dungeon Crawl Stone Soup version 0.31-a0-986-g5e6e4ef867 (webtiles) character file.

Game seed: 629996781312049058

530 IdlyInterested the Trooper (level 7, 0/59 HPs)
             Began as a Demonspawn Gladiator on Nov 14, 2023.
             Slain by Fodor's ghost (2 damage)
             ... on level 4 of the Dungeon.
             The game lasted 00:10:04 (3936 turns).

IdlyInterested the Trooper (Demonspawn Gladiator)   Turns: 3936, Time: 00:10:05

Health: 0/59       AC:  8    Str: 15      XL:     7   Next: 3%
Magic:  7/7        EV: 13    Int:  9 (11) God:
Gold:   259        SH:  4    Dex: 19 (20) Spells: 6/6 levels left

rFire   + .          .
                       - Unarmed
rCold   + . .        (no shield)
rNeg    . . .        A - +2 robe {rC+ rF+}
rPois   .            (helmet restricted)
rElec   .            (no cloak)
rCorr   .            (no gloves)
SInv    .            (no boots)
Will    .....        (no amulet)
Stlth   ++           k - +4 ring of protection
HPRegen 0.29/turn    x - +6 ring of dexterity
MPRegen 0.10/turn

%: no passive effects
@: mighty
A: antennae 1, large bone plates 1, foul stench 1
a: no special abilities


You were on level 4 of the Dungeon.
You visited 1 branch of the dungeon, and saw 4 of its levels.

You collected 259 gold pieces.

Inventory:

Hand Weapons
 f - a +0 short sword
 g - a +2 dagger of venom
 m - a +0 hand axe of pain
 y - a +0 rapier
 D - a +0 trident
Missiles
 c - 3 throwing nets
 d - 4 javelins
 h - 21 stones (quivered)
 w - 12 poisoned darts
Armour
 a - a +0 scale mail
 A - a +2 robe of resistance (worn)
Jewellery
 j - a ring of fire
 k - a +4 ring of protection (left hand)
 x - a +6 ring of dexterity (right hand)
 F - a +6 ring of dexterity
Wands
 l - a wand of mindburst (18)
 s - a wand of paralysis (7)
Scrolls
 e - 2 scrolls of revelation {unknown}
 p - a scroll of teleportation {unknown}
 q - a scroll of identify {unknown}
 r - a scroll of fear
 t - a scroll of acquirement {unknown}
 u - a scroll of immolation {unknown}
 v - a scroll of vulnerability
 z - 2 scrolls of enchant weapon {unknown}
 B - 3 scrolls of blinking {unknown}
Potions
 b - a potion of haste
 n - a potion of magic {unknown}
 C - a potion of invisibility {unknown}
 E - a potion of heal wounds {unknown}


   Skills:
 * Level 6.6 Fighting
 - Level 1.7 Throwing
 + Level 1.3 Armour
 - Level 3.0 Dodging
 - Level 1.0 Stealth
 - Level 2.0 Shields
 - Level 2.6 Unarmed Combat
 - Level 1.0 Evocations


You had 6 spell levels left.
You didn't know any spells.
Your spell library contained the following spells:

 Spells                   Type           Power      Damage    Failure   Level
 Apportation              Tloc           0%         N/A       38%         1
 Jinxbite                 Hex            0%         N/A       52%         2
 Alistair's Intoxication  Tmut/Pois      0%         N/A       100%        5
 Haunt                    Necr/Summ      0%         N/A       100%        7
 Borgnjor's Revivificati  Necr           0%         N/A       100%        8
 Death's Door             Necr           0%         N/A       100%        9


Dungeon Overview and Level Annotations

Branches:
Dungeon (4/15)
 Temple: D:4-7

Altars:

Annotations:
D:4 1 transporter, Fodor's ghost, amateur MiFi


Innate Abilities, Weirdness & Mutations

You have a pair of small antennae on your head.
You are partially covered in large bone plates. (SH +4)
You may rarely emit foul miasma when damaged in melee.


Message History

You hit Fodor's ghost but do no damage.
Fodor's ghost is moderately damaged.
Fodor's ghost wails, "You must not succeed where I failed!"
Fodor's ghost completely misses you.
You closely miss Fodor's ghost.
Fodor's ghost is moderately damaged.
Fodor's ghost hits you!
* * * LOW HITPOINT WARNING * * *
You feel better. You block Fodor's ghost's attack.
Okay, then.
What are your orders? t - Shout!
Orders for allies: a - Attack new target. r - Retreat! s - Stop attacking. g - Guard the area. f - Follow me.
Anything else - Cancel.
Okay, then.
Your +2 dagger of venom stops dripping with poison.
You are now empty-handed.
You barely miss Fodor's ghost.
Fodor's ghost is moderately damaged.
Fodor's ghost barely misses you.
You hit Fodor's ghost but do no damage. You punch Fodor's ghost.
Fodor's ghost is heavily damaged.
Fodor's ghost closely misses you.
You hit Fodor's ghost but do no damage.
Fodor's ghost is heavily damaged.
Fodor's ghost hits you.
* * * LOW HITPOINT WARNING * * *
You hit Fodor's ghost but do no damage.
Fodor's ghost is heavily damaged.
Fodor's ghost hits you but does no damage.
You closely miss Fodor's ghost.
Fodor's ghost is heavily damaged.
Fodor's ghost hits you!
* * * LOW HITPOINT WARNING * * *
It was a potion of might.
You feel very mighty all of a sudden. Fodor's ghost hits you.
You die...

#.# #.# ####..####.### ####.##
#.# #.....# ##.#.
......########.# #.##.## ##.#
.###...........# ###.##.# #..
!###.#########.###...##.## #..
..##.# ###.............## #..
..##.# ##...####.©.####..# #..
..##.# #..###..#####..##.## #..
####.####.##..#.@W(.....#..# #..
# #......#....###...##.##.# #.. #
##...##.##.#.W...#.....#.# #..
###.....#..#...#..©..##..#.# #..
##.........#..##..#......#.####÷.
##......##.#....#. .#...##.......
##.#...###.##..... #....#..#####.
##<##.## #..##©### .#####.## #.
##.#### #...###©####.....# #.


You could see Fodor's ghost.

Vanquished Creatures
  Sigmund (D:4)
  An ogre (D:4)
  3 quasits (D:4)
  Ijyb (D:3)
  2 iguanas (D:4)
  2 adders
  A white imp (D:4)
  2 worms (D:2)
  2 dart slugs (D:4)
  2 orcs (D:3)
  6 endoplasms
  4 giant cockroaches
  11 goblins
  10 hobgoblins
  9 jackals
  8 kobolds
  6 quokkas
  11 ball pythons
  4 bats
  2 frilled lizards (D:2)
  4 rats
92 creatures vanquished.

Notes
Turn   | Place    | Note
-------+----------+-------------------------------------------
     0 | D:1      | IdlyInterested the Demonspawn Gladiator began the quest for
                  | the Orb.
     0 | D:1      | Reached XP level 1. HP: 16/16 MP: 1/1
   124 | D:1      | Gained mutation: You may rarely emit foul miasma when
                  | damaged in melee. [demonic ancestry]
   124 | D:1      | Reached XP level 2. HP: 23/23 MP: 2/2
   349 | D:1      | Reached skill level 1 in Armour
   689 | D:2      | Reached skill level 3 in Fighting
   727 | D:2      | Gained mutation: You have a pair of small antennae on your
                  | head. [demonic ancestry]
   727 | D:2      | Reached XP level 3. HP: 29/29 MP: 3/3
  1180 | D:2      | Reached skill level 1 in Stealth
  1941 | D:3      | Reached XP level 4. HP: 37/37 MP: 4/4
  1992 | D:3      | Noticed Ijyb
  2004 | D:3      | Reached skill level 1 in Evocations
  2007 | D:3      | Paralysed by Ijyb for 4 turns
  2014 | D:3      | Paralysed by Ijyb for 2 turns
  2017 | D:3      | Killed Ijyb
  2018 | D:3      | Reached skill level 4 in Fighting
  2083 | D:3      | Found a faded altar of an unknown god.
  2965 | D:4      | Noticed an ogre
  2972 | D:4      | Killed an ogre
  2973 | D:4      | Reached skill level 1 in Shields
  2973 | D:4      | Reached XP level 5. HP: 43/43 MP: 5/5
  2993 | D:4      | Found a transporter.
  3010 | D:4      | Reached skill level 5 in Fighting
  3139 | D:4      | Noticed Fodor's ghost (amateur MiFi)
  3171 | D:4      | Noticed Sigmund
  3185 | D:4      | Killed Sigmund
  3186 | D:4      | Reached skill level 6 in Fighting
  3186 | D:4      | Gained mutation: You are partially covered in large bone
                  | plates. (SH +4) [demonic ancestry]
  3186 | D:4      | Reached XP level 6. HP: 52/52 MP: 6/6
  3493 | D:4      | Found a transporter.
  3915 | D:4      | Reached XP level 7. HP: 59/59 MP: 7/7
  3935 | D:4      | HP: 1/59 [Fodor's ghost (10)]
  3936 | D:4      | Slain by Fodor's ghost

Illustrated notes

Levels and vault maps discovered:
D:1:      saegor_arrival_under_anarchy, layout_basic
D:2:      minmay_spotlight, layout_basic
D:3:      layout_loops_corners, hellmonk_ecumenical_altar_slurped_away,
          uniq_ijyb
D:4:      layout_loops_ring, gammafunk_ghost_stat_death, uniq_sigmund

Skill      XL: |  1  2  3  4  5  6 |
---------------+-------------------+-----
Armour         | 1 |  1.3
Fighting       | 3 4 6 |  6.6
Stealth        | 1 |  1.0
Evocations     | 1 |  1.0
Shields        | 1 2 |  2.0
Dodging        | 3 |  3.0
Throwing       | |  1.7
Unarmed Combat | |  2.6

Action                     |  1- 3 |  4- 6 |  7- 9 || total
---------------------------+-------+-------+-------++-------
  Melee: Unarmed           |   210 |     4 |     5 ||   219
         Punch             |     6 |     2 |     2 ||    10
         Dagger            |       |   194 |    14 ||   208
  Throw: Stone             |    11 |     2 |       ||    13
         Throwing net      |       |     2 |       ||     2
    Use: Scroll            |     1 |     2 |       ||     3
         Potion            |       |     3 |     2 ||     5
   Stab: Sleeping          |     2 |     1 |       ||     3
 Armour: Leather armour    |    84 |    11 |       ||    95
         Ring mail         |       |    34 |       ||    34
         Robe              |       |    81 |    14 ||    95
  Dodge: Dodged            |   117 |   160 |     6 ||   283
  Block: Other             |       |    34 |     1 ||    35

Table legend: (Time is in decaauts)
 A = Elapsed time spent in this place.
 B = Non-inter-level travel time spent in this place.
 C = Inter-level travel time spent in this place.
 D = Time resting spent in this place.
 E = Time spent auto-exploring this place.
 F = Levels seen in this place.
 G = Mean time per level.
                   A        B        C        D        E       F      G
               +--------+--------+--------+--------+--------+-----+--------+
         Total |   3905 |   3653 |    252 |    410 |   2225 |   4 |  976.2 |
       Dungeon |   3905 |   3653 |    252 |    410 |   2225 |   4 |  976.2 |
               +--------+--------+--------+--------+--------+-----+--------+

Top non-repeatable levels by time:
     D:2: 1176 daAuts
     D:3: 1126 daAuts
     D:4: 920 daAuts
     D:1: 682 daAuts
